 Dungeon Crawl Stone Soup version 0.23.2-40-g277498a001 (webtiles) character file.

Game seed: 12112664415434556056

61 Htamos the Grasshopper (level 3, -4/17 HPs)
             Began as a Felid Warper on Aug 24, 2019.
             Killed from afar by an orc wizard (12 damage)
             ... with a puff of flame
             ... on level 1 of the Dungeon.
             The game lasted 00:10:21 (1885 turns).

Htamos the Grasshopper (Felid Warper)               Turns: 1885, Time: 00:10:23

Health: -4/17      AC:  1    Str:  8    XL:     3   Next: 83%
Magic:  1/7        EV: 18    Int: 14    God:
Gold:   60         SH:  0    Dex: 15    Spells: 1/6 levels left
                                        Lives:  0   Deaths: 0

rFire    . . .     SeeInvis +     - Unarmed
rCold    . . .     Gourm    .   (shield unavailable)
rNeg     . . .     Faith    .   (armour unavailable)
rPois    .         Spirit   .   (helmet unavailable)
rElec    .         Reflect  .   (cloak unavailable)
rCorr    .         Harm     .   (gloves unavailable)
MR       .....                  (boots unavailable)
Stlth    +++.......             (no amulet)
HPRegen  0.05/turn              (no ring)
MPRegen  0.10/turn              (no ring)

@: quick
A: very small, no armour, no weapons or thrown items, stealth, claws 1, fangs 3,
see invisible, carnivore, speed 1, shaggy fur 1, slow metabolism 1, sharp paws
a: no special abilities


You were on level 1 of the Dungeon.
You were completely stuffed.

You visited 1 branch of the dungeon, and saw 2 of its levels.

You collected 60 gold pieces.

Inventory:

Scrolls
 b - a scroll of blinking
 f - 4 scrolls of identify {unknown}
 g - a scroll of teleportation {unknown}
Potions
 a - a potion of brilliance {unknown}
 e - 3 potions of degeneration {unknown}
 h - a potion of flight {unknown}
Comestibles
 c - 3 rations


   Skills:
 * Level 3.5 Fighting
 - Level 3.3 Dodging
 + Level 2.6 Stealth
 - Level 2.0 Unarmed Combat
 - Level 2.0 Spellcasting
 - Level 4.4 Translocations


You had one spell level left.
You knew the following spells:

 Your Spells              Type           Power        Failure   Level  Hunger
a - Blink                 Tloc           N/A          6%          2    ###....
b - Gell's Gravitas       Tloc           ##........   12%         3    ####...

Your spell library contained the following spells:

 Spells                   Type           Power        Failure   Level  Hunger
 Lesser Beckoning         Tloc           ##........   12%         3    ####...
 Teleport Other           Tloc           ##......     12%         3    ####...
 Shroud of Golubria       Chrm/Tloc      #.........   14%         2    ###....
 Passage of Golubria      Tloc           N/A          36%         4    #####..


Dungeon Overview and Level Annotations

Branches:
Dungeon (2/15)

Altars:
Makhleb
Okawaru
Wu Jian


Innate Abilities, Weirdness & Mutations

You cannot wear armour.
You are incapable of wielding weapons or throwing items.
Your paws allow you to move quietly. (Stealth)
You have sharp claws.
You have razor-sharp teeth.
You have supernaturally acute eyesight. (SInv)
You are carnivorous and can eat meat at any time.
You cover ground quickly.
You are covered in fur. (AC +1)
You have a slow metabolism.
Your sharp claws are effective at attacking unaware monsters.


Message History

Casting: Blink (safe; 6% risk of failure)
Confirm with . or Enter, or press ? or * to list all spells.
You don't have enough magic to cast that spell.
The orc wizard casts a spell.
The orc wizard flickers and vanishes for a moment.
The orc wizard looks braver for a moment.
The orc wizard begins to cast a cantrip, but forgets the words!
You see here a +0 club.
The orc wizard looks encouraged for a moment.
There is an open door here.
You close the door.
An orc wizard opens the door.
Casting: Blink (safe; 6% risk of failure)
Confirm with . or Enter, or press ? or * to list all spells.
You blink.
* * * LOW MAGIC WARNING * * *
The orc wizard points at you and mumbles some strange words.
The puff of flame hits you!
Ouch! That really hurt!
You die...

#......# #......# #######
#######......## #.....#
#.............####.....#
#.#####.#..#..#..+.....#
#>###.#.#..#[.#.##.....#
#.......#..#....o'.....#
#####..##..#.#####.....#
#....#....@...>#####
#....#.........#
#......#.......############
#...####...#...............
#...g..o.ยง.....############
#...####.....#.#
###...##########'######
#.........# #.......##
#....o....# #...###..#


You could see an orc wizard (invisible).

Vanquished Creatures
  An adder (D:1)
  2 oozes (D:1)
  A dart slug (D:1)
  3 leopard geckos (D:1)
  2 orcs (D:2)
  5 hobgoblins (D:1)
  4 jackals (D:1)
  2 kobolds (D:1)
  4 bats
  2 frilled lizards
  4 goblins
  9 rats
39 creatures vanquished.

Notes
Turn   | Place    | Note
-------+----------+-------------------------------------------
     0 | D:1      | Htamos the Felid Warper began the quest for the Orb.
     0 | D:1      | Reached XP level 1. HP: 9/9 MP: 4/4
   368 | D:1      | Reached skill level 1 in Stealth
   368 | D:1      | Reached XP level 2. HP: 13/13 MP: 6/6
   372 | D:1      | Learned a level 2 spell: Blink
   663 | D:1      | Reached XP level 3. HP: 17/17 MP: 7/7
  1327 | D:1      | Learned a level 3 spell: Gell's Gravitas
  1412 | D:2      | Found an iron altar of Okawaru.
  1412 | D:2      | Found a burning altar of Makhleb.
  1436 | D:2      | Found an ornate altar of the Wu Jian Council.
  1885 | D:1      | Killed from afar by an orc wizard

Skill      XL: |  1  2  3 |
---------------+----------+-----
Stealth        | 1 2 |  2.6
Fighting       | 3 |  3.5
Dodging        | |  3.3
Unarmed Combat | |  2.0
Spellcasting   | |  2.0
Translocations | |  4.4

Action                   || total
-------------------------++-------
Melee: Unarmed           ||   121
       Bite              ||     8
       Punch             ||     2
 Cast: Blink             ||     5
       Gell's Gravitas   ||     3
 Stab: Sleeping          ||     9
  Eat: Chunk             ||    10
Armor: Skin              ||     8
Dodge: Dodged            ||   100
